 Dungeon Crawl Stone Soup version 0.14-a0-840-g06343e3 (console) character file.

119 Illaniel the Charmwright (level 3, -5/23 HPs)
             Began as a High Elf Skald on Nov 13, 2013.
             Slain by a gnoll
             ... wielding a +0,+0 club
              (9 damage)
             ... on Level 1 of the Dungeon.
             The game lasted 00:05:32 (1367 turns).

Illaniel the Charmwright (High Elf Skald)           Turns: 1367, Time: 00:05:32

HP  -5/23        AC  3     Str 11      XL: 3   Next: 80%
MP   2/9         EV 11     Int 17      God:
Gold 59          SH  0     Dex 14      Spells:  3 memorised,  2 levels left

Res.Fire  : . . .   See Invis. : .   a - +0 elf falchion
Res.Cold  : . . .   Warding    : .   b - +0 elf leather armour
Life Prot.: . . .   Conserve   : .   (no shield)
Res.Poison: .       Res.Corr.  : .   (no helmet)
Res.Elec. : .       Clarity    : .   (no cloak)
Sust.Abil.: . .     Spirit.Shd : .   (no gloves)
Res.Mut.  : .       Stasis     : .   (no boots)
Res.Rott. : .       Flight     : .   (no amulet)
Saprovore : . . .                    (no ring)
                                     (no ring)

@: very slightly contaminated, slightly resistant to hostile enchantments,
unstealthy
A: no striking features
a: Stop Singing


You were on level 1 of the Dungeon.
You were not hungry.

You visited 1 branch of the dungeon, and saw 3 of its levels.

You collected 59 gold pieces.

Inventory:

Hand weapons
 a - a +0,+0 elven falchion (weapon)
Armour
 b - a +0 elven leather armour (worn)
Comestibles
 d - 2 bread rations
 i - a chunk of giant newt flesh
Scrolls
 f - a scroll of amnesia {unknown}
Potions
 e - a potion of degeneration {unknown}
 g - a potion of mutation {unknown}
Books
 c - a book of Battle

   Spells                             Type                      Level
   *Infusion                          Charms                       1
   *Shroud of Golubria                Charms/Translocation         2
   *Song of Slaying                   Charms                       2
   Spectral Weapon                    Hexes/Charms                 3
   Regeneration                       Charms/Necromancy            3


   Skills:
 + Level 2.6 Fighting
 + Level 3.1 Long Blades
 + Level 1.1 Armour
 + Level 2.1 Dodging
 + Level 2.7 Spellcasting
 + Level 4.0 Charms


You had 2 spell levels left.
You knew the following spells:

 Your Spells              Type           Power        Failure   Level  Hunger
a - Infusion              Chrm           ###...       3%          1    #......
b - Song of Slaying       Chrm           ###.....     6%          2    ##.....
h - Shroud of Golubria    Chrm/Tloc      #.........   14%         2    ##.....


Dungeon Overview and Level Annotations

Branches:
Dungeon (3/16)

Altars:


Message History

You are very lightly contaminated with residual magic.
Strange energies run through your body.
Casting: Song of Slaying
Confirm with . or Enter, or press ? or * to list all spells.
You start singing a song of slaying.
The gnoll completely misses you.
Casting: Song of Slaying
Confirm with . or Enter, or press ? or * to list all spells.
Your attacks are magically infused.
The gnoll barely misses you.
You hit the gnoll.
The gnoll is moderately wounded.
The gnoll hits you with a club.
* * * LOW HITPOINT WARNING * * *
You hit the gnoll.
The gnoll is heavily wounded.
The gnoll hits you with a club.
* * * LOW HITPOINT WARNING * * *
You closely miss the gnoll.
The gnoll is heavily wounded.
The gnoll hits you with a club!
You die...

▒▒▒▒▒∙▒ ∙∙∙▒∙∙▒
▒▒∙▒∙▒▒▒▒▒
▒∙▒∙∙∙∙∙▒
▒▒∙∙∙∙▒▒∙▒
∙∙∙∙∙▒▒▒∙▒▒▒▒▒▒▒▒▒
∙∙∙∙∙∙∙∙∙∙∙∙∙∙∙∙∙▒
∙▒▒▒▒∙▒∙∙∙∙∙∙∙∙[∙▒
∙▒ ▒∙▒∙▒▒▒▒▒▒▒▒∙▒
∙▒ ▒∙∙∙▒ ▒g▒ ∙▒
▒▒▒▒▒ ▒@▒ ∙▒
▒▒▒▒▒▒'▒▒▒ ∙▒
▒∙∙∙∙∙∙∙∙▒ ∙▒
▒∙)∙∙∙∙∙∙▒ ▒▒
▒∙∙∙∙∙∙∙∙▒
▒∙∙∙∙∙∙∙∙▒
▒▒▒▒▒▒'▒▒▒ ▒▒▒'▒▒▒
▒∙∙∙∙∙▒ ▒∙∙∙∙∙▒
▒∙∙∙∙∙▒


You could see a gnoll.

Vanquished Creatures
  2 gnolls (D:2)
  4 bats
  3 giant cockroaches
  2 hobgoblins (D:1)
  8 jackals
  A quokka (D:2)
  2 ball pythons (D:2)
  4 giant newts
  5 goblins
  3 kobolds (D:1)
  6 rats
40 creatures vanquished.

Notes
Turn   | Place    | Note
--------------------------------------------------------------
     0 | D:1      | Illaniel, the High Elf Skald, began the quest for the Orb.
     0 | D:1      | Reached XP level 1. HP: 13/13 MP: 4/4
    31 | D:1      | Upgraded the game from 0.14-a0-836-g5210f43 to 0.14-a0-840-g06343e3
   147 | D:1      | Reached skill level 1 in Armour
   186 | D:1      | Reached XP level 2. HP: 13/18 MP: 3/6
   196 | D:1      | Learned a level 2 spell: Song of Slaying
   199 | D:1      | Learned a level 2 spell: Shroud of Golubria
   782 | D:2      | Reached XP level 3. HP: 21/23 MP: 0/9
  1233 | D:2      | Reached skill level 4 in Charms
  1367 | D:1      | Slain by a gnoll

Action                   || total
-------------------------++-------
Melee: Falchion          ||   120
 Cast: Infusion          ||    17
       Shroud of Golubri ||     4
       Song of Slaying   ||     6
